 Dungeon Crawl Stone Soup version 0.18-a0-1702-gd20c6a5 (webtiles) character file.

79651 Flockbjaern the Severer (level 15, -6/110 HPs)
             Began as a Demonspawn Wanderer on Apr 6, 2016.
             Was the Champion of Okawaru.
             Killed by divine providence
             ... invoked by an orc priest
              (15 damage)
             ... on level 2 of the Orcish Mines.
             The game lasted 01:08:53 (25387 turns).

Flockbjaern the Severer (Demonspawn Wanderer)      Turns: 25387, Time: 01:08:55

Health: -6/110     AC: 39    Str: 23    XL:     15   Next: 21%
Magic:  17/17      EV:  9    Int: 16    God:    Okawaru [******]
Gold:   1924       SH:  0    Dex: 15    Spells: 0 memorised, 16 levels left

rFire  + . .     SeeInvis +     e - +9 battleaxe of Wrongful Imprisonment {chop, rPois Int+3}
rCold  + + .     Gourm    .     u - +7 crystal plate armour {rC+}
rNeg   + . .     Faith    .     (shield currently unavailable)
rPois  +         Spirit   .     N - +2 hat {SInv}
rElec  .         Dismiss  .     f - +1 cloak {rC+}
rCorr  .         Reflect  .     G - +2 pair of gloves {Str+3}
SustAt .         Harm     .     (boots unavailable)
MR     +....                    (no amulet)
Stlth  ..........               o - ring of positive energy
                                C - ring of fire

@: agile, somewhat resistant to hostile enchantments, extremely unstealthy
A: hooves 3, rough black scales 2, see invisible, cold resistance 1, icemail,
poison resistance, powered by pain 2, freezing cloud immunity
a: Heroism, Finesse, Renounce Religion


You were on level 2 of the Orcish Mines.
You worshipped Okawaru.
Okawaru was exalted by your worship.
You were hungry.

You visited 3 branches of the dungeon, and saw 20 of its levels.
You also visited: Labyrinth and Ice Cave.

You collected 1924 gold pieces.

Inventory:

Hand Weapons
 e - the +9 battleaxe of Wrongful Imprisonment (weapon) {chop, rPois Int+3}
   (Okawaru gifted it to you on level 3 of the Lair of Beasts)

   It inflicts extra damage upon your enemies.
   It affects your intelligence (+3).
   It protects you from poison.
 A - a +0 war axe of flaming
 L - a +2 executioner's axe of electrocution
 W - a +1 broad axe of freezing
Armour
 f - a +1 cloak of cold resistance (worn)
 u - a +7 crystal plate armour of cold resistance (worn)
 G - a +2 pair of gloves of strength (worn)
 J - a +1 pearl dragon armour
 N - a +2 hat of see invisible (worn)
Rods
 E - a +5 rod of shadows (13/13)
   (You found it in a labyrinth)
 T - a +0 rod of clouds (10/10)
   (You found it on level 1 of the Lair of Beasts)
Jewellery
 i - an uncursed ring of flight
 o - a ring of positive energy (right hand)
 q - an uncursed ring of ice
 C - a ring of fire (left hand)
Wands
 h - a wand of slowing (4/48)
 K - a wand of digging (8/24)
 O - a wand of acid (3/15)
 R - a wand of teleportation (6/9)
Scrolls
 c - 4 scrolls of teleportation
 j - 4 scrolls of amnesia
 k - 2 scrolls of recharging
 m - 5 scrolls of noise
 n - 9 scrolls of identify
 p - a scroll of brand weapon
 y - a scroll of remove curse
 H - 2 scrolls of immolation
Potions
 d - a potion of invisibility
 l - 4 potions of flight
 r - a potion of cancellation
 z - a potion of magic
 I - a potion of haste
 V - a potion of curing
 X - a potion of brilliance
 Z - a potion of agility
Books
 a - a book of Spatial Translocations

   Spells                             Type                      Level
   a - Apportation                    Translocation                1
   b - Blink                          Translocation                2
   c - Shroud of Golubria             Charms/Translocation         2
   d - Portal Projectile              Translocation                3
   e - Teleport Other                 Translocation                3
   f - Passage of Golubria            Translocation                4
 b - the Collected Works on Combat Magic

   Spells                             Type                      Level
   a - Sting                          Conjuration/Poison           1
   b - Mephitic Cloud                 Conjuration/Poison/Air       3
 v - a book of Callings

   Spells                             Type                      Level
   a - Summon Small Mammal            Summoning                    1
   b - Call Imp                       Summoning                    2
   c - Call Canine Familiar           Summoning                    3
   d - Summon Guardian Golem          Hexes/Summoning              3
   e - Summon Lightning Spire         Summoning/Air                4
   f - Summon Ice Beast               Ice/Summoning                4
 M - a book of Flames

   Spells                             Type                      Level
   a - Flame Tongue                   Conjuration/Fire             1
   b - Throw Flame                    Conjuration/Fire             2
   c - Conjure Flame                  Conjuration/Fire             3
   d - Inner Flame                    Hexes/Fire                   3
   e - Sticky Flame                   Conjuration/Fire             4
   f - Fireball                       Conjuration/Fire             5
Comestibles
 g - 5 bread rations
 s - 3 slices of pizza
 w - 6 meat rations
 x - 5 beef jerkies
 B - a royal jelly
 D - 21 fruits


   Skills:
 + Level 8.3 Fighting
 + Level 20.8 Axes
   Level 1.7(14.2) Polearms
 - Level 1.0 Throwing
 + Level 6.6 Armour
 - Level 1.7 Stealth
 - Level 1.2 Spellcasting
   Level 2.6 Translocations
   Level 1.7 Transmutations
 - Level 3.4 Invocations


You had 16 spell levels left.
You didn't know any spells.

Dungeon Overview and Level Annotations

Branches:
Dungeon (10/15)            Temple (0/1) D:5            Lair (8/8) D:10
  Swamp (0/4) Lair:3        Snake (0/4) Lair:6        Slime (0/6) Lair:7
    Orc (2/2) D:10            Elf (0/3) Orc:2

Altars:
Ashenzari
Dithmenos
Kikubaaqudgha
Okawaru
Pakellas
Ru
Yredelemnul
Zin
The Shining One
Beogh
Jiyva

Shops:
D:8 [

Annotations:
D:6 PowerOverwhelming's ghost, novice DrTm
Lair:8 exclusion: oklob plant


Innate Abilities, Weirdness & Mutations

You have hooves in place of feet.
You are mostly covered in rough black scales (AC +7, Dex -2).
Your flesh is cold resistant.
A meltable icy envelope protects you from harm (AC +0).
You sometimes gain power by taking damage.
You are immune to freezing clouds.
You have supernaturally acute eyesight.
Your system is resistant to poisons.


Message History

You feel like a meek peon again.
The orc priest invokes the aid of Beogh against you.
Pain shoots through your body!
* * * LOW HITPOINT WARNING * * *
The orc priest miscasts a cantrip.
The orc priest mumbles some strange prayers to Beogh against you.
Beogh smites you!
* * * LOW HITPOINT WARNING * * *
Drink which item? (? for menu, Esc to quit)
Okay, then.
Unknown command.
Read which item? (? for menu, Esc to quit)
As you read the scroll of fog, it crumbles to dust.
The scroll dissolves into smoke.
The orc priest is no longer covered in acid.
The orc wizard points at you and mumbles some strange words.
The puff of flame hits you!
The orc priest calls down the wrath of Beogh upon you.
Beogh smites you!
You die...

##.#.........###.#..........###
#..#.........#...............##
###.....###...................#.
#.......# #....[.[......#.......
##.....## ##....[[...#.###......
#.......## #...)[..######.......
#........###..........##........
##........##..§§....<...........
##......##...§@§...............
#..........^§§§...............
#.........o#.###...........###
#.........##.# #..........## #
##.#..o....### ####......## #
####.oo..## ###.#### ##....o####
#..# #...o.## #..# ##...## ##.#


You could see 3 orc priests and 2 orc wizards.

Vanquished Creatures
  Gastronok (Lair:3)
  An orc warlord (Orc:1)
  A minotaur (Lab)
  8 hydras
  The ghost of barb4r1an the Fighter, a novice MiBe of Trog (Orc:1)
  A queen ant (Lair:5)
  8 death yaks
  An orc high priest (Orc:2)
  Urug (Lair:2)
  Nergalle (Lair:2)
  A fire crab (Lair:8)
  An unseen horror (D:9)
  A hill giant (D:10)
  An orc sorcerer (Orc:1)
  6 griffons
  A manticore (D:10)
  11 black mambas
  Joseph (Lair:1)
  13 elephants
  2 ice statues (IceCv)
  14 spiny frogs
  A torpor snail (Lair:6)
  4 rime drakes
  4 komodo dragons
  13 ice devils (IceCv)
  A spriggan druid (Lair:8)
  6 trolls
  12 polar bears
  Prince Ribbit (D:7)
  17 blink frogs
  4 redbacks (Lair:8)
  A wraith (D:10)
  45 yaks
  10 spriggans
  3 wyverns
  3 fire bats (Lair:1)
  14 hippogriffs
  5 vampire mosquitoes (Lair:3)
  6 basilisks
  5 wargs
  Menkaure (D:7)
  2 nagas (Lair:6)
  8 soldier ants (Lair:5)
  Duvessa (D:7)
  11 water moccasins
  9 ice beasts
  15 porcupines
  14 orc warriors
  4 black bears
  3 sky beasts
  5 wasps (Lair:8)
  12 ogres
  A phantom (D:10)
  5 centaurs
  19 crocodiles
  24 wolves
  A necrophage (D:9)
  14 big kobolds
  13 giant frogs
  2 gnoll sergeants (D:9)
  Dowan (D:7)
  A water moccasin zombie (D:10)
  A wyvern skeleton (D:10)
  3 scorpions
  6 killer bees
  An electric eel (Lair:7)
  5 howler monkeys
  2 giant frog zombies (D:5)
  3 crimson imps
  10 orc priests
  A gnoll shaman (D:6)
  5 hounds
  4 jellies
  15 orc wizards
  7 iguanas
  Ijyb (D:3)
  23 worker ants
  28 sheep
  2 hound zombies
  19 gnolls
  A howler monkey skeleton (D:3)
  7 adders
  47 river rats
  A shadow imp (D:7)
  3 white imps (IceCv)
  10 ufetubi (IceCv)
  An adder skeleton (D:10)
  4 adder zombies
  5 worms
  2 dart slugs
  4 giant geckos
  58 orcs
  7 giant cockroaches
  13 goblins
  5 hobgoblins
  15 jackals
  8 quokkas
  A ball python (D:3)
  4 bats
  8 giant newts
  41 kobolds
  4 rats
  3 butterflies (Lair:3)
  8 fungi
  6 plants
799 creatures vanquished.

Vanquished Creatures (others)
  3 white imps (IceCv)
  An ufetubus (IceCv)
  14 fungi
  2 plants
20 creatures vanquished.

Grand Total: 819 creatures vanquished

Notes
Turn   | Place    | Note
--------------------------------------------------------------
     0 | D:1      | Flockbjaern the Demonspawn Wanderer began the quest for the Orb.
     0 | D:1      | Flockbjaern set off with: a book of Spatial Translocations, the Collected Works on Combat Magic, a potion of lignification, a +0 robe, a +0 club, a +0 dagger, a bread ration
     0 | D:1      | Reached XP level 1. HP: 13/13 MP: 1/1
     0 | D:1      | Identified the Collected Works on Combat Magic
   165 | D:1      | Reached skill level 1 in Fighting
   165 | D:1      | Reached skill level 1 in Spellcasting
   395 | D:1      | Learned a level 1 spell: Sting
   438 | D:1      | Gained mutation: You are partially covered in rough black scales (AC +4, Dex -1). [demonic ancestry]
   438 | D:1      | Reached XP level 2. HP: 11/21 MP: 3/3
  1474 | D:2      | Gained mutation: Your flesh is cold resistant. [demonic ancestry]
  1474 | D:2      | Reached XP level 3. HP: 28/28 MP: 1/4
  1613 | D:2      | Found an iron altar of Okawaru.
  1630 | D:2      | Gained mutation: Your system is resistant to poisons. [potion of mutation]
  1630 | D:2      | Gained mutation: You are weak. (Str -2) [potion of mutation]
  1630 | D:2      | Gained mutation: You have large cloven feet. [potion of mutation]
  1809 | D:2      | Became a worshipper of Warmaster Okawaru
  2056 | D:2      | Gained mutation: You sometimes gain a little power by taking damage. [demonic ancestry]
  2056 | D:2      | Reached XP level 4. HP: 35/35 MP: 5/5
  2277 | D:3      | Reached skill level 1 in Axes
  2520 | D:3      | Found an oddly glowing altar of Pakellas.
  2520 | D:3      | Found a sacrificial altar of Ru.
  2645 | D:3      | Found a basalt altar of Yredelemnul.
  2942 | D:3      | Found a basalt altar of Yredelemnul.
  2997 | D:3      | Reached skill level 2 in Axes
  3333 | D:3      | Gained mutation: You have hoof-like feet. [demonic ancestry]
  3333 | D:3      | Reached XP level 5. HP: 41/41 MP: 6/6
  3398 | D:3      | Noticed Ijyb
  3442 | D:3      | Killed Ijyb
  3442 | D:3      | Reached skill level 3 in Axes
  3916 | D:4      | Found a shadowy altar of Dithmenos.
  3995 | D:4      | Reached skill level 4 in Axes
  4031 | D:4      | Lost mutation: Your system is resistant to poisons. [potion of cure mutation]
  4031 | D:4      | Lost mutation: You are weak. (Str -2) [potion of cure mutation]
  4031 | D:4      | Lost mutation: You have hoof-like feet. [potion of cure mutation]
  4046 | D:4      | Gained mutation: You are mostly covered in rough black scales (AC +7, Dex -2). [demonic ancestry]
  4046 | D:4      | Reached XP level 6. HP: 38/47 MP: 7/7
  4133 | D:4      | Noticed a sky beast
  4268 | D:4      | Got a faintly glowing chain mail
  4279 | D:4      | Identified the cursed +0 chain mail of Death's Door {Dex+7} (You found it on level 4 of the Dungeon)
  4390 | D:4      | Found a glowing golden altar of the Shining One.
  4574 | D:4      | Found a shattered altar of Ashenzari.
  4918 | D:4      | Reached skill level 5 in Axes
  5036 | D:5      | Entered Level 5 of the Dungeon
  5086 | D:5      | Reached XP level 7. HP: 37/52 MP: 8/8
  5588 | D:5      | Reached skill level 6 in Axes
  5664 | D:5      | Reached * piety under Okawaru
  6055 | D:5      | Reached skill level 7 in Axes
  6084 | D:5      | Gained mutation: You have supernaturally acute eyesight. [potion of beneficial mutation]
  6328 | D:5      | Reached XP level 8. HP: 57/58 MP: 9/9
  6425 | D:5      | Reached skill level 8 in Axes
  6512 | D:5      | Found a staircase to the Ecumenical Temple.
  6528 | D:5      | Reached ** piety under Okawaru
  6738 | D:6      | Gained mutation: Your system is resistant to poisons. [potion of beneficial mutation]
  6764 | D:6      | Reached skill level 9 in Axes
  6968 | D:6      | Noticed PowerOverwhelming's ghost (novice DrTm)
  7036 | D:7      | Noticed Dowan
  7038 | D:7      | Noticed Duvessa
  7090 | D:7      | Killed Duvessa
  7100 | D:7      | Killed Dowan
  7453 | D:7      | Reached skill level 10 in Axes
  7453 | D:7      | Reached skill level 1 in Invocations
  7478 | D:7      | Gained mutation: You have hoof-like feet. [demonic ancestry]
  7478 | D:7      | Reached XP level 9. HP: 52/63 MP: 10/10
  7502 | D:7      | Noticed Prince Ribbit
  7626 | D:7      | Killed Prince Ribbit
  7626 | D:7      | Reached *** piety under Okawaru
  7636 | D:7      | Noticed Menkaure
  7648 | D:7      | Killed Menkaure
  8377 | D:8      | Found Nytruana's Armour Boutique.
  8394 | D:8      | Reached skill level 11 in Axes
  8564 | D:8      | Reached skill level 1 in Armour
  8774 | D:8      | Reached **** piety under Okawaru
  8962 | D:8      | Found a glowing silver altar of Zin.
  9097 | D:8      | Found an ancient bone altar of Kikubaaqudgha.
  9204 | D:8      | Reached XP level 10. HP: 66/73 MP: 12/12
  9335 | D:9      | Reached skill level 5 in Fighting
  9528 | D:9      | Noticed an unseen horror
  9535 | D:9      | Killed an unseen horror
  9980 | D:9      | Reached ***** piety under Okawaru
 10381 | D:9      | Reached skill level 12 in Axes
 10578 | D:10     | Entered Level 10 of the Dungeon
 10578 | D:10     | Found a staircase to the Lair.
 10670 | D:9      | Received a gift from Okawaru
 10682 | D:9      | Reached skill level 5 in Armour
 11092 | D:9      | Gained mutation: You are immune to freezing clouds. [demonic ancestry]
 11092 | D:9      | Reached XP level 11. HP: 64/84 MP: 13/13
 11106 | D:9      | Received a gift from Okawaru
 11565 | D:10     | Found a staircase to the Orcish Mines.
 12219 | D:10     | Reached skill level 13 in Axes
 12288 | D:10     | Noticed a hill giant
 12297 | D:10     | Killed a hill giant
 12682 | D:10     | Got a bone trident
 12683 | D:10     | Identified the +11 trident "Varaican" {pierce, rC- MP+9 SInv} (You found it on level 10 of the Dungeon)
 12732 | Lair:1   | Entered Level 1 of the Lair of Beasts
 12788 | Lair:1   | Received a gift from Okawaru
 12805 | Lair:1   | Noticed Joseph
 13146 | Lair:1   | Killed Joseph
 13162 | Lair:1   | Got a crude glaive {god gift}
 13163 | Lair:1   | Identified the +1 glaive of Raomnoi {venom, rC- rN+ Str+4 Stlth+} (Okawaru gifted it to you on level 1 of the Lair of Beasts)
 13218 | Lair:1   | Got a slimy scale mail
 13219 | Lair:1   | Identified the +6 scale mail of the Jolly Seas {rC++ Int+2} (You found it on level 1 of the Lair of Beasts)
 13278 | Lair:1   | Identified a +0 rod of clouds (10/10) (You found it on level 1 of the Lair of Beasts)
 13458 | Lair:1   | Reached skill level 14 in Axes
 14327 | Lair:2   | Reached XP level 12. HP: 88/91 MP: 11/14
 14358 | Lair:2   | Noticed Urug
 14379 | Lair:2   | Killed Urug
 14652 | Lair:2   | Reached skill level 15 in Axes
 15218 | Lair:2   | Noticed Nergalle
 15227 | Lair:2   | Killed Nergalle
 15246 | Lair:2   | Identified a +0 rod of shadows (10/10) (You found it on level 2 of the Lair of Beasts)
 15292 | Lair:2   | Reached ****** piety under Okawaru
 16186 | Lair:3   | Received a gift from Okawaru
 16209 | Lair:3   | Reached skill level 16 in Axes
 16298 | Lair:3   | Got a steaming battleaxe {god gift}
 16300 | Lair:3   | Identified the +9 battleaxe of Wrongful Imprisonment {chop, rPois Int+3} (Okawaru gifted it to you on level 3 of the Lair of Beasts)
 16732 | Lair:3   | Found a staircase to the Swamp.
 16733 | Lair:3   | Noticed Gastronok
 16745 | Lair:3   | Killed Gastronok
 17480 | Lair:4   | Gained mutation: You sometimes gain power by taking damage. [demonic ancestry]
 17480 | Lair:4   | Reached XP level 13. HP: 87/96 MP: 15/15
 18016 | Lair:5   | Found a labyrinth entrance.
 18021 | Lab      | Entered a labyrinth
 18160 | Lab      | Noticed a minotaur
 18172 | Lab      | Killed a minotaur
 18172 | Lab      | Received a gift from Okawaru
 18172 | Lab      | Reached skill level 17 in Axes
 18186 | Lab      | Identified a scroll of acquirement
 18222 | Lab      | Identified a +5 rod of shadows (13/13) (You found it in a labyrinth)
 18719 | Lair:5   | Received a gift from Okawaru
 19339 | Lair:6   | Reached skill level 18 in Axes
 19758 | Lair:6   | Found a staircase to the Snake Pit.
 21439 | Lair:7   | Found a viscous altar of Jiyva.
 21439 | Lair:7   | Found a staircase to the Slime Pits.
 21557 | Lair:7   | Received a gift from Okawaru
 21644 | Lair:8   | Entered Level 8 of the Lair of Beasts
 21656 | Lair:8   | Gained mutation: A meltable icy envelope protects you from harm (AC +0). [demonic ancestry]
 21656 | Lair:8   | Reached XP level 14. HP: 99/103 MP: 16/16
 21664 | Lair:8   | Reached skill level 19 in Axes
 22556 | Lair:8   | Received a gift from Okawaru
 22582 | Lair:8   | HP: 5/103 [blink frog (13)]
 23076 | Lair:8   | Reached skill level 20 in Axes
 23572 | Lair:8   | Got a pair of jewelled boots
 23583 | Lair:8   | Identified the cursed -1 pair of boots "Osuor" {Stlth+} (You found it on level 8 of the Lair of Beasts)
 24245 | Orc:1    | Entered Level 1 of the Orcish Mines
 24245 | Orc:1    | Noticed barb4r1an's ghost (novice MiBe)
 24257 | Orc:1    | Noticed an orc warlord
 24258 | Orc:1    | Killed barb4r1an's ghost
 24277 | Orc:1    | Killed an orc warlord
 24277 | Orc:1    | Received a gift from Okawaru
 24358 | Orc:1    | Gained mutation: You have hooves in place of feet. [demonic ancestry]
 24358 | Orc:1    | Reached XP level 15. HP: 96/109 MP: 17/17
 24521 | Orc:2    | Entered Level 2 of the Orcish Mines
 24529 | Orc:2    | Found a staircase to the Elven Halls.
 24543 | Orc:2    | Found a frozen archway.
 24561 | IceCv    | Entered an ice cave
 25208 | Orc:2    | Found a roughly hewn altar of Beogh.
 25387 | Orc:2    | Killed from afar by an orc priest

Vault maps used:
D:1:      dpeg_arrival_arbitrary_b
D:2:      okawaru_trees_1, first_bread, minmay_splitting_lines,
          item_on_display_a
D:3:      kennysheep_goblin_castle, nicolae_overflow_hidden_temple,
          marbit_many_paths, yredelemnul_altar_generic
D:4:      ashenzari_conservatory_becter, lemuel_crystal_altar,
          nicolae_tso_swordbearing_angel
D:7:      uniq_duvessa, uniq_menkaure, uniq_prince_ribbit1
D:8:      kennysheep_ambush_hall, lemuel_doored_altar, basic_altar,
          serial_shops, shop, special_room, the_bakery
D:10:     minmay_lair_entry_grove, orc_0_dummy
Lair:1:   nicolae_volcano_entry_batcave, infiniplex_staircase_pool,
          serial_bayou_shore_b, uniq_joseph
Lair:2:   uniq_nergalle, uniq_urug
Lair:3:   minmay_swamp_entry_swarm, lemuel_fruit_tree, lemuel_fruit_fields,
          lemuel_fruit_fields, uniq_gastronok
Lair:4:   grunt_megastairs_2
Lair:5:   lab_entry_generic, minmay_another_anthill
Lair:6:   guppyfry_snake_entry_island, grunt_megastairs_1
Lair:7:   dpeg_slime_entry_enclosed_altar, nicolae_quartered_pool_little,
          hangedman_lair_unloving_vines, grunt_forest_stairs_basic,
          hangedman_lair_generics_rect
Lair:8:   minmay_lair_end_enchanted_forest
Orc:2:    st_orc_mages, portal_ice_cave_entry_ice_beasts, kennysheep_orc_chapel
Lab:      labyrinth_mini_lab, labyrinth_skeletal_remains, nicolae_lab_swirl,
          labyrinth_glass_1
IceCv:    ice_cave_small_demon

Skill      XL: |  1  2  3  4  5  6  7  8  9 10 11 12 13 14 15 |
---------------+----------------------------------------------+-----
Fighting       | 1 2 3 4 7 8 |  8.3
Spellcasting   | 1 |  1.2
Axes           | 2 4 5 7 10 11 12 14 16 18 20 | 20.8
Invocations    | 1 3 |  3.4
Armour         | 2 5 6 |  6.6
Polearms       | |  1.7
Throwing       | |  1.0
Stealth        | |  1.7
Translocations | |  2.6
Transmutations | |  1.7

Action                   |  1- 3 |  4- 6 |  7- 9 | 10-12 | 13-15 || total
-------------------------+-------+-------+-------+-------+-------++-------
Melee: Dagger            |   108 |       |       |       |       ||   108
       Hand axe          |    58 |   232 |       |       |       ||   290
       War axe           |       |   105 |   537 |   460 |    87 ||  1189
       Executioner's axe |       |       |       |   127 |       ||   127
       Broad axe         |       |       |       |   175 |       ||   175
       Battleaxe         |       |       |       |    89 |   805 ||   894
 Cast: Sting             |     9 |       |       |       |       ||     9
Invok: Heroism           |       |       |     6 |    13 |    12 ||    31
       Finesse           |       |       |       |       |     1 ||     1
Evoke: Wand              |       |       |    21 |    12 |     4 ||    37
       Rod               |       |       |       |     1 |       ||     1
  Use: Potion            |     3 |     4 |     7 |     6 |     7 ||    27
       Scroll            |       |       |    15 |     6 |    15 ||    36
 Stab: Sleeping          |     2 |       |       |       |       ||     2
       Invisible         |       |       |       |       |    10 ||    10
  Eat: Chunk             |     4 |     6 |    10 |    13 |     8 ||    41
       Bread ration      |       |     1 |     1 |     4 |     4 ||    10
